 Dungeon Crawl Stone Soup version 0.30-a0-715-gdb4ae3ece1 (webtiles) character file.

Game seed: 15588339489676876642

118 rageheart7 the Digger (level 5, -1/28 HPs)
             Began as a Gargoyle Earth Elementalist on Jan 24, 2023.
             Slain by Crazy Yiuf
             ... wielding a +3 quarterstaff of chaos
              (8 damage)
             ... on level 2 of the Dungeon.
             The game lasted 00:04:23 (2016 turns).

rageheart7 the Digger (Gargoyle Earth Elementalist) Turns: 2016, Time: 00:04:25

Health: -1/28      AC: 21    Str:  6    XL:     5   Next: 2%
Magic:  10/10      EV:  6    Int: 22    God:
Gold:   235        SH:  0    Dex: 10    Spells: 10/11 levels left

rFire   x . .      SeeInvis .    j - +3 dagger (venom)
rCold   + . .      Faith    .    (no shield)
rNeg    + . .      Spirit   .    h - +7 chain mail of the Farrier {Will+}
rPois   ∞          Reflect  .    (no helmet)
rElec   +          Harm     .    m - +1 cloak {rPois}
rCorr   .          Rampage  .    (no gloves)
Will    +....                    (no boots) Stlth
                                 (no amulet)
HPRegen 0.24/turn                d - ring "Loon" {Ice +Blink Str-5 Int+4 Slay+6}
MPRegen 0.12/turn                (no ring)

@: agile
A: sickness immunity, AC +4, negative energy resistance 1, electricity
resistance, torment resistance 1, petrification resistance
a: Evoke Blink


You were on level 2 of the Dungeon.
You visited 1 branch of the dungeon, and saw 2 of its levels.

You collected 235 gold pieces.

Inventory:

Hand Weapons
 j - a +3 dagger of venom (weapon)
Missiles
 e - a throwing net
Armour
 a - a +0 robe
 h - the +7 chain mail of the Farrier (worn) {Will+}
   (You found it on level 2 of the Dungeon)

   Will:      It increases your willpower.
 m - a +1 cloak of poison resistance (worn)
Jewellery
 d - the ring "Loon" (left hand) {Ice +Blink Str-5 Int+4 Slay+6}
   (You acquired it on level 2 of the Dungeon)

   [ring of ice]

   It enhances your ice magic.
   Str:       It affects your strength (-5).
   Int:       It affects your intelligence (+4).
   Slay:      It affects your accuracy & damage with ranged weapons and melee
   (+6).
   rF:        It makes you vulnerable to fire.
   rC:        It protects you from cold.
   +Blink:    It lets you blink.
Scrolls
 g - a scroll of brand weapon {unknown}
Potions
 b - a potion of magic
 c - a potion of lignification
 f - a potion of haste {unknown}
 i - a potion of mutation {unknown}
 k - a potion of brilliance {unknown}


   Skills:
 + Level 0.0 Armour
 - Level 1.5 Dodging
 - Level 2.1 Stealth
 * Level 3.5 Spellcasting
 - Level 0.7 Transmutations
 * Level 5.3 Earth Magic


You had 10 spell levels left.
You knew the following spells:

 Your Spells              Type           Power      Damage    Failure   Level
a - Sandblast             Erth           54%        2d13      100%        1

Your spell library contained the following spells:

 Spells                   Type           Power      Damage    Failure   Level
 Blink                    Tloc           6%         N/A       100%        2
 Lesser Beckoning         Tloc           6%         N/A       100%        2
 Momentum Strike          Conj/Tloc      6%         3d8       100%        2
 Passwall                 Tmut/Erth      14%        N/A       100%        2
 Stone Arrow              Conj/Erth      30%        3d8       100%        3
 Petrify                  Tmut/Erth      17%        N/A       100%        4


Dungeon Overview and Level Annotations

Branches:
Dungeon (2/15)

Altars:

Annotations:
D:2 Crazy Yiuf


Innate Abilities, Weirdness & Mutations

You are immune to sickness and miasma.
Your stone body is resilient. (AC +4)
You are immune to poison.
You resist negative energy. (rN+)
You are resistant to electric shocks. (rElec)
You are resistant to unholy torment.
You are immune to petrification.


Message History

a +0 club; a goblin corpse
Things that are here:
a +0 club; a goblin corpse
There is an open door here.
Things that are here:
a +0 spear; a +0 spear You see here a +0 flail.
You see here a +0 whip.
You see here a +0 cloak.
You see here a +0 whip.
There is an open door here.
You see here 6 stones.
You see here 6 stones.
There is an open door here.
You see here a +0 whip.
Crazy Yiuf shouts!
Could not explore, unopened runed door.
No reachable target in view!
You open the door. You completely miss Crazy Yiuf.
Crazy Yiuf hits you with a +3 quarterstaff of chaos.
You barely miss Crazy Yiuf. Crazy Yiuf hits you but does no damage.
You hit Crazy Yiuf but do no damage.
Crazy Yiuf is poisoned.
Crazy Yiuf hits you with a +3 quarterstaff of chaos.
You completely miss Crazy Yiuf.
Crazy Yiuf whimpers, "Walk arm sizzlefizz!"
Crazy Yiuf hits you with a +3 quarterstaff of chaos.
You barely miss Crazy Yiuf. Crazy Yiuf hits you but does no damage.
You hit Crazy Yiuf.
Crazy Yiuf looks even sicker.
Crazy Yiuf is lightly wounded.
Crazy Yiuf hits you with a +3 quarterstaff of chaos!
* * * LOW HITPOINT WARNING * * *
You feel agile all of a sudden. Crazy Yiuf attacks as you move away!
Crazy Yiuf hits you with a +3 quarterstaff of chaos.
* * * LOW HITPOINT WARNING * * *
Crazy Yiuf attacks as you move away! Crazy Yiuf hits you but does no damage.
Crazy Yiuf attacks as you move away!
Crazy Yiuf hits you with a +3 quarterstaff of chaos!
You die...

# ######## # #......# #
##...... # ###♣♣♣♣♣
##.###.. # ##....♣.♣♣♣
### #..###..
##......♣@g♣#...#
#####...
#......♣♣♣♣.'...# ###....
#.....♣♣ ♣♣#..)# ##......
#..##♣♣ ### #....... ##.#
##.._... #.# #.8.8.. #.#
###############......
#.###.....##.....########
# #.##...##.#.......##
##.


You could see Crazy Yiuf (very poisoned).

Vanquished Creatures
  5 gnolls
  2 adders (D:2)
  A worm (D:2)
  3 dart slugs
  3 bats
  2 endoplasms (D:1)
  4 giant cockroaches
  4 goblins
  3 hobgoblins (D:1)
  A quokka (D:2)
  5 ball pythons
  2 frilled lizards
  6 kobolds
  2 rats
43 creatures vanquished.

Vanquished Creatures (others)
  A fungus (D:1)
  4 toadstools (D:1)
5 creatures vanquished.

Grand Total: 48 creatures vanquished

Notes
Turn   | Place    | Note
-------+----------+-------------------------------------------
     0 | D:1      | rageheart7 the Gargoyle Earth Elementalist began the quest
                  | for the Orb.
     0 | D:1      | Reached XP level 1. HP: 10/10 MP: 3/3
    79 | D:1      | Reached skill level 4 in Earth Magic
    79 | D:1      | Reached XP level 2. HP: 15/15 MP: 0/5
   340 | D:1      | Reached XP level 3. HP: 19/19 MP: 1/6
   393 | D:1      | You fall into a shaft and drop 1 floor!
  1120 | D:2      | Found a faded altar of an unknown god.
  1202 | D:2      | Found a runed translucent door.
  1203 | D:2      | Noticed Crazy Yiuf
  1268 | D:2      | Reached XP level 4. HP: 24/24 MP: 5/8
  1270 | D:2      | Reached skill level 5 in Earth Magic
  1278 | D:2      | Identified a scroll of acquirement
  1278 | D:2      | Acquired the ring "Loon" {Ice +Blink Str-5 Int+4 Slay+6}
  1808 | D:2      | Reached XP level 5. HP: 25/28 MP: 10/10
  1811 | D:2      | Identified the +7 chain mail of the Farrier {Will+}
  2016 | D:2      | Slain by Crazy Yiuf

Illustrated notes

Levels and vault maps discovered:
D:1:      matt_arrival_spirals, layout_basic, minmay_gold_behind_fungi,
          minmay_misc_feat_x
D:2:      layout_loops_corners, dreamdust_ecumenical_altar_statues,
          uniq_crazy_yiuf_cottage

Skill      XL: |  1  2  3  4 |
---------------+-------------+-----
Earth Magic    | 4 5 |  5.3
Spellcasting   | 3 |  3.5
Dodging        | |  1.5
Stealth        | |  2.1
Transmutations | |  0.7

Action                     |  1- 3 |  4- 6 || total
---------------------------+-------+-------++-------
  Melee: Flail             |    22 |       ||    22
         Dagger            |    29 |    34 ||    63
         Punch             |       |     1 ||     1
   Cast: Sandblast         |    19 |     3 ||    22
    Use: Scroll            |       |     4 ||     4
   Stab: Sleeping          |     3 |     1 ||     4
 Armour: Robe              |    22 |     7 ||    29
         Chain mail        |       |     3 ||     3
  Dodge: Dodged            |    39 |    15 ||    54

Table legend: (Time is in decaauts)
 A = Elapsed time spent in this place.
 B = Non-inter-level travel time spent in this place.
 C = Inter-level travel time spent in this place.
 D = Time resting spent in this place.
 E = Time spent auto-exploring this place.
 F = Levels seen in this place.
 G = Mean time per level.
                   A        B        C        D        E       F      G
               +--------+--------+--------+--------+--------+-----+--------+
         Total |   2033 |   2013 |     20 |      0 |   1631 |   2 | 1016.5 |
       Dungeon |   2033 |   2013 |     20 |      0 |   1631 |   2 | 1016.5 |
               +--------+--------+--------+--------+--------+-----+--------+

Top non-repeatable levels by time:
     D:2: 1034 daAuts
     D:1: 999 daAuts
